 Dungeon Sprint DCSS version 0.27-a0-1119-gbf574a6a6b (webtiles) character file.

Game seed: 661102219650750399

11897 mhtbhm the Scorcher (level 11, -16/54 HPs)
             Began as a Deep Elf Fire Elementalist on May 2, 2021.
             Was the Champion of Vehumet.
             Collided with an unnaturally hard rock wall (26 damage)
             ... caused by a merfolk aquamancer
             ... in the Dungeon (Sprint V: "Ziggurat Sprint").
             The game lasted 00:07:22 (1304 turns).

mhtbhm the Scorcher (Deep Elf Fire Elementalist)    Turns: 1304, Time: 00:07:24

Health: -16/54     AC:  4    Str:  8    XL:     11   Next: 55%
Magic:  20/34      EV: 17    Int: 36    God:    Vehumet [******]
Gold:   0          SH:  0    Dex: 15    Spells: 22/44 levels left

rFire    + . .     SeeInvis .   C - +8 lance "Wyrmbane" {slay drac, rPois rF+ rC+ AC+3}
rCold    + . .     Faith    .   (no shield)
rNeg     + + +     Spirit   .   a - +0 robe
rPois    +         Reflect  .   (no helmet)
rElec    +         Harm     .   (no cloak)
rCorr    +         Rampage  .   (no gloves)
Will     +....     NoTele   +   (no boots)
Stlth    ++++......             F - amulet "Wegesiez" {Acrobat Fragile rElec rN++ rCorr}
HPRegen  0.18/turn              E - ring of Ozoschul {rPois Str+3 Int+6}
MPRegen  0.24/turn              s - ring "Xulem" {rN+ Int+6}

@: no status effects
A: deformed body
a: Renounce Religion


You were in the Dungeon.
You worshipped Vehumet.
Vehumet was exalted by your worship.
You visited 1 branch

Inventory:

Hand Weapons
 C - the +8 lance "Wyrmbane" (weapon) {slay drac, rPois rF+ rC+ AC+3}
   (You found it in the Dungeon)

   It affects your AC (+3).
   It protects you from fire.
   It protects you from cold.
   It protects you from poison.
Missiles
 r - 6 throwing nets
 u - 5 boomerangs of dispersal
 v - 5 curare-tipped darts
Armour
 a - a +0 robe (worn)
Jewellery
 s - the ring "Xulem" (right hand) {rN+ Int+6}
   (You found it in the Dungeon)

   [ring of positive energy]

   It affects your intelligence (+6).
   It protects you from negative energy.
 E - the ring of Ozoschul (left hand) {rPois Str+3 Int+6}
   (You took it off a crimson imp in the Dungeon)

   [ring of intelligence]

   It affects your strength (+3).
   It affects your intelligence (+6).
   It protects you from poison.
 F - the amulet "Wegesiez" (around neck) {Acrobat Fragile rElec rN++ rCorr}
   (You found it in the Dungeon)

   [amulet of the acrobat]

   It increases your evasion while moving and waiting.
   It insulates you from electricity.
   It greatly protects you from negative energy.
   It protects you from acid and corrosion.
   It will be destroyed if unequipped.
 H - an amulet of reflection
Wands
 y - a wand of mindburst (7)
 z - a wand of iceblast (4)
 A - a wand of acid (5)
Scrolls
 h - 4 scrolls of blinking
 m - 4 scrolls of amnesia
 n - 7 scrolls of fog
 o - a scroll of holy word
 p - 5 scrolls of identify
 t - a scroll of acquirement
 G - a scroll of brand weapon
Potions
 b - 2 potions of brilliance
 c - 10 potions of curing
 d - 6 potions of heal wounds
 e - 6 potions of haste
 f - 7 potions of magic
 g - 3 potions of berserk rage
 i - 2 potions of invisibility
 j - 4 potions of resistance
 k - a potion of experience
 l - 5 potions of might
Miscellaneous
 w - a phantom mirror
 x - a tin of tremorstones (2/2)
 B - a lightning rod (4/4)
 D - a box of beasts


   Skills:
 + Level 10.9 Dodging
 - Level 9.1 Stealth
 + Level 17.4 Spellcasting
 + Level 11.1 Conjurations
 + Level 18.8 Fire Magic
 * Level 6.0 Earth Magic
 + Level 9.4 Evocations


You had 22 spell levels left.
You knew the following spells:

 Your Spells              Type           Power      Damage    Failure   Level
a - Foxfire               Conj/Fire      100%       2x1d9     0%          1
b - Conjure Flame         Conj/Fire      95%        6-21      0%          3
c - Inner Flame           Hex/Fire       78%        N/A       1%          3
d - Sticky Flame          Conj/Fire      95%        2d10      0%          4
e - Fireball              Conj/Fire      47%        3d19      1%          5
f - Iron Shot             Conj/Erth      38%        9d8       1%          6

Your spell library contained the following spells:

 Spells                   Type           Power      Damage    Failure   Level
 Iskenderun's Mystic Bla  Conj/Tloc      64%        2d13      1%          4
 Sandblast                Erth           100%       2d20      1%          1
 Sting                    Tmut/Pois      100%       1d8       1%          1
 Corpse Rot               Necr/Air       N/A        N/A       1%          2
 Passwall                 Tmut/Erth      43%        N/A       1%          2
 Poisonous Vapours        Pois/Air       62%        N/A       1%          2
 Sublimation of Blood     Necr           15%        N/A       1%          2
 Ignite Poison            Fire/Tmut/Pois 66%        N/A       1%          3
 Mephitic Cloud           Conj/Pois/Air  55%        N/A       1%          3
 Bolt of Magma            Conj/Fire/Erth 43%        4d18      1%          5
 Irradiate                Conj/Tmut      32%        3d24      1%          5
 Gell's Gravitas          Tloc           15%        N/A       3%          3
 Portal Projectile        Hex/Tloc       62%        N/A       3%          3
 Animate Armour           Summ/Erth      100%       N/A       3%          4
 Leda's Liquefaction      Hex/Erth       26%        N/A       3%          4
 Olgreb's Toxic Radiance  Pois           31%        N/A       3%          4
 Petrify                  Tmut/Erth      52%        N/A       3%          4
 Dispel Undead            Necr           31%        3d14      11%         4
 Ice Form                 Ice/Tmut       31%        N/A       11%         4
 Passage of Golubria      Tloc           N/A        N/A       11%         4
 Summon Ice Beast         Ice/Summ       31%        N/A       11%         4
 Freezing Cloud           Conj/Ice/Air   27%        6-21      11%         6
 Agony                    Necr           31%        N/A       30%         5
 Alistair's Intoxication  Tmut/Pois      20%        N/A       30%         5
 Excruciating Wounds      Necr           15%        N/A       30%         5
 Manifold Assault         Tloc           31%        N/A       30%         5
 Summon Forest            Summ/Tloc      15%        N/A       30%         5
 Summon Mana Viper        Hex/Summ       31%        N/A       30%         5
 Eringya's Noxious Bog    Tmut/Pois      15%        N/A       38%         6
 Statue Form              Tmut/Erth      34%        N/A       43%         6
 Dispersal                Tloc           15%        N/A       86%         6
 Shadow Creatures         Summ           N/A        N/A       86%         6
 Simulacrum               Ice/Necr       15%        N/A       86%         6
 Ozocubu's Refrigeration  Ice            15%        4d8       89%         7
 Summon Hydra             Summ           15%        N/A       100%        7
 Disjunction              Tloc           15%        N/A       100%        8
 Shatter                  Erth           33%        3d27*     100%        9


Dungeon Overview and Level Annotations

Branches:
Dungeon (1/1)

Altars:
Ashenzari
Cheibriados
Dithmenos
Elyvilon
Fedhas
Gozag
Hepliaklqana
Kikubaaqudgha
Makhleb
Nemelex Xobeh
Okawaru
Qazlal
Ru
Sif Muna
Trog
Uskayaw
Vehumet
Wu Jian
Xom
Yredelemnul
Zin
The Shining One
Beogh
Jiyva
Lugonu


Innate Abilities, Weirdness & Mutations

Armour fits poorly on your strangely shaped body.


Message History

The fireball engulfs the merfolk javelineer!!
The merfolk javelineer is heavily wounded.
The merfolk aquamancer hits you with a +5 rapier of holy wrath!
The merfolk javelineer throws a silver javelin.
The silver javelin misses you.
Unknown command.
Unknown command.
As you read the scroll of fear, it crumbles to dust.
You assume a fearsome visage.
The merfolk javelineer looks frightened! x3
The merfolk javelineer easily resists.
The merfolk impaler looks frightened!
The merfolk javelineer looks frightened!
The snapping turtle looks frightened!
The merfolk aquamancer resists with some effort.
The merfolk aquamancer looks frightened!
The merfolk siren looks frightened!
The centaur looks frightened!
The centaur attempts to regain its composure.
The merfolk aquamancer mumbles some strange words.
The merfolk aquamancer blinks!
The merfolk javelineer throws a silver javelin.
The silver javelin pierces through you!!!
Ouch! That really hurt!
* * * LOW HITPOINT WARNING * * *
The silver sears you!
* * * LOW HITPOINT WARNING * * *
Unknown command.
You feel much better.
The merfolk aquamancer mumbles some strange words.
The merfolk aquamancer blinks!
The merfolk javelineer throws a silver javelin.
The silver javelin pierces through you! The silver sears you!
* * * LOW HITPOINT WARNING * * *
Unknown command.
You feel much better.
The merfolk aquamancer casts a spell at you.
The torrent of water hits you!!
* * * LOW HITPOINT WARNING * * *
You are knocked back by the torrent of water.
You slam into the unnaturally hard rock wall!
You die...

▓....).|..▓..
▓..}m::m..▓..)|=||..▓..
▓.........▓.........▓..
▓t.m≈..≈.m▓.........▓..
▓..§....≈.▓.........▓..
▓≈≈..§≈≈§m▓.........▓..
▓≈.▓..m▓..▓.........▓..
▓.▓.≈.§.▓≈▓.▓.....▓.▓..
▓.≈..©@≈..▓....©....▓▓▓
▓▓▓▓▓▓▓▓▓▓▓▓▓▓▓▓▓▓▓▓▓


You could see 4 merfolk javelineers, 2 merfolk aquamancers and a snapping turtle
(fleeing).

Vanquished Creatures
  A hydra (D)
  A two-headed ogre (D)
  3 spriggans (D)
  A sixfirhy (D)
  3 shining eyes (D)
  A cyclops (D)
  A black mamba (D)
  An eye of devastation (D)
  A komodo dragon (D)
  7 merfolk (D)
  2 wind drakes (D)
  3 hornets (D)
  5 slime creatures (D)
  A yak (D)
  5 golden eyes (D)
  A basilisk (D)
  A floating eye (D)
  3 black bears (D)
  2 ogres (D)
  A wolf (D)
  A centaur (D)
  A bullfrog (D)
  A wight (D)
  2 crimson imps (D)
  3 jellies (D)
  4 iron imps (D)
  A shadow imp (D)
  3 white imps (D)
  5 endoplasms (D)
65 creatures vanquished.

Vanquished Creatures (collateral kills)
  A rockslime (D)
  A slime creature (D)
2 creatures vanquished.

Grand Total: 67 creatures vanquished

Notes
Turn   | Place    | Note
-------+----------+-------------------------------------------
     0 | D        | mhtbhm the Deep Elf Fire Elementalist began the quest for
                  | the Orb.
     0 | D        | Reached XP level 1. HP: 10/10 MP: 6/6
     0 | D        | Found a shimmering blue altar of Sif Muna.
     0 | D        | Found a bloodstained altar of Trog.
     0 | D        | Found a sacrificial altar of Ru.
     0 | D        | Found a stormy altar of Qazlal.
     0 | D        | Found an iron altar of Okawaru.
     1 | D        | Found a sparkling altar of Nemelex Xobeh.
     1 | D        | Found a blossoming altar of Fedhas.
     2 | D        | Found the +6 Majin-Bo {vamp, MP+6 Int+6}
     2 | D        | Found the +9 heavy crossbow "Sniper" {vorpal, Acc+∞ SInv}
     2 | D        | Found the +10 dark maul {vorpal}
     2 | D        | Found the +15 Maxwell's patent armour {-Cast -Tele rElec
                  | Will+ rCorr}
     2 | D        | Found the +18 shield of the Gong {rElec rN+ Will+ EV-5}
     2 | D        | Found the +14 obsidian axe {vorpal, Drain Fly SInv}
     2 | D        | Found the +7 great mace "Firestarter" {inner flame, rF++}
     2 | D        | Found the +6 shillelagh "Devastator" {shatter}
     2 | D        | Found the +11 plutonium sword {Contam Stlth-}
     2 | D        | Found the +8 lance "Wyrmbane" {slay drac, rPois rF+ rC+
                  | AC+3}
     2 | D        | Found the +9 sword of Zonguldrok {reap}
     2 | D        | Found the +13 scythe of Curses {drain, Drain}
     2 | D        | Found the +5 sword of Power {vorpal}
     2 | D        | Found the +7 mace of Variability {chain chaos}
     2 | D        | Found the +7 Singing Sword {vorpal, sonic wave}
     2 | D        | Found the +8 storm bow {elec, penet}
     3 | D        | Found a transporter.
     3 | D        | Found an ancient bone altar of Kikubaaqudgha.
     3 | D        | Found a viscous altar of Jiyva.
     3 | D        | Found a corrupted altar of Lugonu.
     3 | D        | Found a hazy altar of Hepliaklqana.
     3 | D        | Found a burning altar of Makhleb.
     3 | D        | Found an opulent altar of Gozag.
    35 | D        | Became a worshipper of Vehumet
    59 | D        | Entered arena 2.
    59 | D        | Noticed a merfolk
    59 | D        | Noticed a merfolk
    59 | D        | Found a transporter.
    66 | D        | Killed a merfolk
    67 | D        | Reached skill level 5 in Dodging
    67 | D        | Reached skill level 9 in Fire Magic
    67 | D        | Reached XP level 2. HP: 10/15 MP: 7/12
    67 | D        | Reached XP level 3. HP: 13/19 MP: 7/13
    67 | D        | Reached XP level 4. HP: 16/24 MP: 8/15
    67 | D        | Reached XP level 5. HP: 19/28 MP: 8/16
    67 | D        | Killed a merfolk
    68 | D        | Reached skill level 5 in Stealth
    68 | D        | Reached skill level 11 in Fire Magic
    68 | D        | Reached XP level 6. HP: 22/32 MP: 8/19
    78 | D        | Got the ring "Xulem" {rN+ Int+6}
   166 | D        | Entered arena 3.
   166 | D        | Noticed a two-headed ogre
   166 | D        | Found a transporter.
   168 | D        | Reached * piety under Vehumet
   168 | D        | Offered knowledge of Freeze by Vehumet.
   169 | D        | Reached skill level 12 in Fire Magic
   170 | D        | Reached XP level 7. HP: 36/36 MP: 19/21
   170 | D        | Killed a two-headed ogre
   171 | D        | Reached skill level 10 in Spellcasting
   171 | D        | Reached skill level 14 in Fire Magic
   171 | D        | Reached XP level 8. HP: 41/41 MP: 19/24
   175 | D        | Learned a level 3 spell: Conjure Flame
   179 | D        | Learned a level 3 spell: Inner Flame
   184 | D        | Learned a level 4 spell: Sticky Flame
   190 | D        | Learned a level 5 spell: Fireball
   201 | D        | Got Iclown's Handbook of Clay and Ignition
   207 | D        | Entered arena 4.
   207 | D        | Noticed a sixfirhy
   207 | D        | Found a transporter.
   208 | D        | Reached ** piety under Vehumet
   209 | D        | Killed a sixfirhy
   210 | D        | Reached skill level 15 in Fire Magic
   210 | D        | Reached skill level 5 in Evocations
   213 | D        | Reached *** piety under Vehumet
   257 | D        | Entered arena 5.
   257 | D        | Found a transporter.
   258 | D        | Reached **** piety under Vehumet
   259 | D        | Reached XP level 9. HP: 45/45 MP: 23/27
   279 | D        | Entered arena 6.
   279 | D        | Found a transporter.
   282 | D        | Reached ***** piety under Vehumet
   293 | D        | Got the Incunabulum of the Eagle
   330 | D        | Entered arena 7.
   330 | D        | Noticed a spriggan rider
   330 | D        | Noticed a spriggan rider
   330 | D        | Noticed a spriggan rider
   332 | D        | Killed a spriggan rider
   333 | D        | Reached skill level 10 in Dodging
   333 | D        | Reached skill level 16 in Fire Magic
   334 | D        | Killed a spriggan rider
   335 | D        | Reached skill level 5 in Conjurations
   335 | D        | Reached skill level 17 in Fire Magic
   335 | D        | Reached XP level 10. HP: 41/50 MP: 21/29
   336 | D        | Reached ****** piety under Vehumet
   337 | D        | Found a transporter.
   405 | D        | Entered arena 8.
   405 | D        | Noticed a shining eye
   405 | D        | Noticed an eye of devastation
   406 | D        | Offered knowledge of Magic Dart by Vehumet.
   407 | D        | Killed a shining eye
   408 | D        | Killed an eye of devastation
   412 | D        | Found a transporter.
   499 | D        | Entered arena 9.
   499 | D        | Noticed a six-headed hydra
   499 | D        | Noticed a black mamba
   502 | D        | Reached skill level 15 in Spellcasting
   502 | D        | Killed a six-headed hydra
   503 | D        | Killed a black mamba
   504 | D        | Reached skill level 18 in Fire Magic
   504 | D        | Found a transporter.
   510 | D        | Got the ring "Vyjaan" {rN+ Will+ Dex+6}
   514 | D        | Got the amulet "Wegesiez" {Acrobat Fragile rElec rN++
                  | rCorr}
   535 | D        | Learned a level 6 spell: Iron Shot
   550 | D        | Entered arena 10.
   551 | D        | Identified the +4 short sword "Hell-Harrower" {flame,
                  | Int+2}
   551 | D        | Identified the +5 hand crossbow of Reruom {venom, rF++ rC+
                  | rCorr Dex-4}
   551 | D        | Identified the ring of Ozoschul {rPois Str+3 Int+6}
   551 | D        | Offered knowledge of Searing Ray by Vehumet.
   644 | D        | Found a transporter.
   819 | D        | Entered arena 11.
   819 | D        | Noticed a cyclops
   820 | D        | Offered knowledge of Dazzling Flash by Vehumet.
   821 | D        | Reached skill level 1 in Earth Magic
   822 | D        | Reached XP level 11. HP: 19/54 MP: 28/32
   829 | D        | Reached skill level 10 in Conjurations
   829 | D        | Found a transporter.
  1039 | D        | Entered arena 12.
  1039 | D        | Noticed a shining eye
  1040 | D        | Offered knowledge of Iskenderun's Mystic Blast by Vehumet.
  1041 | D        | Noticed a rockslime
  1041 | D        | Noticed a shining eye
  1042 | D        | Killed a shining eye
  1048 | D        | Killed a rockslime
  1049 | D        | Reached skill level 5 in Earth Magic
  1049 | D        | Gained mutation: Armour fits poorly on your strangely
                  | shaped body. [a shining eye]
  1050 | D        | Killed a shining eye
  1274 | D        | Found a transporter.
  1283 | D        | Got the ring "Maowemig" {rElec rC+ rCorr Str+7 Stlth-}
  1296 | D        | Entered arena 13.
  1296 | D        | Noticed a merfolk aquamancer
  1296 | D        | Noticed a merfolk aquamancer
  1296 | D        | Noticed a merfolk javelineer
  1299 | D        | Noticed a merfolk javelineer
  1300 | D        | Noticed a merfolk javelineer
  1300 | D        | Noticed a merfolk javelineer
  1300 | D        | Noticed a merfolk impaler
  1300 | D        | Noticed a merfolk javelineer
  1302 | D        | HP: 2/54 [merfolk javelineer/silver javelin (4)]
  1304 | D        | Collided with an unnaturally hard rock wall

Illustrated notes

Levels and vault maps discovered:
D:        sprint_v [room_start, room_1, room_2, room_3, room_4, room_5, room_6,
          room_7, room_8, room_9, room_10, room_11, room_12, room_13, room_14,
          room_15, room_16, room_17, room_18, room_19, room_20, room_21,
          room_22, room_23, room_24, room_25, room_26, room_27]

Skill      XL: |  1  2  3  4  5  6  7  8  9 10 11 |
---------------+----------------------------------+-----
Dodging        | 5 6 7 8 9 10 | 10.9
Stealth        | 4 5 6 7 8 9 |  9.1
Spellcasting   | 7 8 9 10 12 13 15 17 | 17.4
Fire Magic     | 9 11 12 14 15 17 18 | 18.8
Evocations     | 2 3 4 5 7 9 |  9.4
Conjurations   | 2 3 5 9 11 | 11.1
Earth Magic    | 1 6 |  6.0

Action                   |  1- 3 |  4- 6 |  7- 9 | 10-12 || total
-------------------------+-------+-------+-------+-------++-------
 Cast: Fireball          |       |       |    10 |    29 ||    39
       Sticky Flame      |       |       |       |     4 ||     4
Evoke: Wand              |     3 |       |       |     2 ||     5
       Lightning rod     |     1 |     4 |     5 |     2 ||    12
       Tin of tremorston |       |       |       |     2 ||     2
       Phantom mirror    |       |       |       |     1 ||     1
  Use: Scroll            |     1 |       |       |     1 ||     2
       Potion            |       |       |       |     4 ||     4
Armor: Robe              |       |       |     1 |       ||     1
Dodge: Dodged            |     1 |       |       |     8 ||     9

Table legend: (Time is in decaauts)
 A = Elapsed time spent in this place.
 B = Non-inter-level travel time spent in this place.
 C = Inter-level travel time spent in this place.
 D = Time resting spent in this place.
 E = Time spent auto-exploring this place.
 F = Levels seen in this place.
 G = Mean time per level.
                   A        B        C        D        E       F      G
               +--------+--------+--------+--------+--------+-----+--------+
         Total |   1300 |   1300 |      0 |    937 |      0 |   1 | 1300.0 |
       Dungeon |   1300 |   1300 |      0 |    937 |      0 |   1 | 1300.0 |
               +--------+--------+--------+--------+--------+-----+--------+

Top non-repeatable levels by time:
       D: 1300 daAuts
